 Dungeon Crawl Stone Soup version 0.21-a0-264-g3e31e41 (webtiles) character file.

115 namelastname112 the Sneak (level 4, -3/38 HPs)
             Began as a Draconian Assassin on Sept 9, 2017.
             Was an Initiate of Gozag.
             Slain by an orc
             ... wielding a cursed +0 trident
              (10 damage)
             ... on level 4 of the Dungeon.
             The game lasted 00:02:27 (2942 turns).

namelastname112 the Sneak (Draconian Assassin)      Turns: 2942, Time: 00:02:28

Health: -3/38      AC:  7    Str: 13    XL:     4   Next: 68%
Magic:  13/13      EV: 12    Int: 11    God:    Gozag
Gold:   250        SH:  0    Dex: 14    Spells: 3/3 levels left

rFire    . . .     SeeInvis .   a - +2 dagger
rCold    . . .     Gourm    .   (no shield)
rNeg     . . .     Faith    .   (armour unavailable)
rPois    .         Spirit   .   (helmet restricted)
rElec    .         Reflect  .   c - +0 cloak
rCorr    .         Harm     +   (no gloves)
MR       +....                  n - +0 pair of boots
Stlth    +++.......             j - amulet of harm
HPRegen  0.12/turn              l - ring of magical power
MPRegen  0.13/turn              y - ring of protection from magic

@: no status effects
A: unfitting armour, cold-blooded, AC +5
a: Potion Petition, Call Merchant, Bribe Branch, Renounce Religion


You were on level 4 of the Dungeon.
You worshipped Gozag.
Gozag was aware of your devotion.
You were not hungry.

You visited 1 branch of the dungeon, and saw 4 of its levels.

You collected 282 gold pieces.
You paid 32 gold pieces to Gozag.

Inventory:

Hand Weapons
 a - a +2 dagger (weapon)
 b - a +0 blowgun
Missiles
 d - 8 poisoned needles
 e - 2 curare-tipped needles
Armour
 c - a +0 cloak (worn)
 n - a +0 pair of boots (worn)
Jewellery
 j - an amulet of harm (around neck)
 l - a ring of magical power (left hand)
 y - a ring of protection from magic (right hand)
Scrolls
 h - a scroll of recharging {unknown}
 k - a scroll of teleportation {unknown}
 m - a scroll of magic mapping {unknown}
 o - a scroll of remove curse {unknown}
 q - 3 scrolls of enchant armour {unknown}
 u - a scroll of identify {unknown}
 v - a scroll of amnesia {unknown}
 x - a scroll of random uselessness {unknown}
Potions
 g - 2 potions of agility {unknown}
 i - 3 potions of curing {unknown}
 p - a potion of mutation {unknown}
 s - a potion of magic {unknown}
 t - a potion of heal wounds {unknown}
 z - a potion of brilliance {unknown}
Comestibles
 f - 7 bread rations
 r - 7 fruits
 w - a royal jelly


   Skills:
 + Level 3.0 Fighting
 * Level 3.4 Short Blades
 - Level 1.7 Throwing
 + Level 1.4 Dodging
 * Level 4.4 Stealth


You had 3 spell levels left.
You didn't know any spells.

Dungeon Overview and Level Annotations

Branches:
Dungeon (4/15)
 Temple: D:4-7

Altars:
Fedhas
Gozag
Hepliaklqana
Ru


Innate Abilities, Weirdness & Mutations

Your plain brown scales are hard. (AC +5)
You cannot fit into any form of body armour.
You are cold-blooded and may be slowed by cold attacks.


Message History

You tail-slap the orc, but do no damage.
The orc is moderately wounded.
The orc hits you but does no damage.
You hit the orc.
Your tail-slap misses the orc.
The orc is severely wounded.
The orc hits you with a flail!
* * * LOW HITPOINT WARNING * * *
The orc hits you from afar with a trident.
* * * LOW HITPOINT WARNING * * *
You take 11 damage, and have 6/38 hp.
MASSIVE DAMAGE!!
You hit the orc.
You kill the orc!
You hit the orc. You tail-slap the orc.
The orc is heavily wounded.
The orc completely misses you. The orc barely misses you.
You barely miss the orc.
The orc is heavily wounded.
The orc hits you from afar with a trident!
You die...
Your body crumbles into a pile of gold.

#<....##. #.....#..
#.....#.# #.....#.#
.... #.....#.# .....
#.......# .....
#.....#.##### ......
#####.......#####......
....#..###..@o.#......
........# #####o.......
........# ###........
........#####...#......
........#(...$o##......
.......#......# .....
......##......# .....
#....... .... #.####.#
....


You could see 2 orcs.

Vanquished Creatures
  5 adders
  An ooze (D:3)
  3 worms
  3 dart slugs
  8 orcs
  2 bats (D:3)
  A giant cockroach (D:2)
  3 hobgoblins
  3 frilled lizards
  5 goblins
  5 kobolds
  10 rats
49 creatures vanquished.

Notes
Turn   | Place    | Note
-------+----------+-------------------------------------------
     0 | D:1      | namelastname112 the Draconian Assassin began the quest for the Orb.
     0 | D:1      | Reached XP level 1. HP: 17/17 MP: 1/1
    90 | D:1      | Reached skill level 1 in Dodging
   388 | D:1      | Reached XP level 2. HP: 13/25 MP: 2/2
   989 | D:2      | Reached XP level 3. HP: 19/30 MP: 3/3
  1052 | D:2      | Reached skill level 4 in Stealth
  1387 | D:2      | Found an opulent altar of Gozag.
  1633 | D:2      | Became a worshipper of Gozag Ym Sagoz the Greedy
  1734 | D:2      | Found a blossoming altar of Fedhas.
  1807 | D:2      | Found a hazy altar of Hepliaklqana.
  1983 | D:2      | Found a sacrificial altar of Ru.
  2152 | D:3      | Reached XP level 4. HP: 20/37 MP: 4/4
  2942 | D:4      | Slain by an orc

Vault maps used:
D:1:      minmay_arrival_four_loops, minmay_misc_feat_tiny
D:2:      nicolae_gozag_cash_rules_everything_around_me, marbit_many_paths,
          nicolae_ru_the_path_less_chosen, fedhas_altar_fruit_tree,
          minmay_tromino_mix6
D:3:      first_bread, minmay_unequal
D:4:      good_gods_mini_temple, overflow_temple_1_default, old_standard_altar,
          nicolae_elemental_shop

Skill      XL: |  1  2  3  4 |
---------------+-------------+-----
Dodging        | 1 |  1.4
Stealth        | 4 |  4.4
Short Blades   | 3 |  3.4
Fighting       | 3 |  3.0
Throwing       | |  1.7

Action                   |  1- 3 |  4- 6 || total
-------------------------+-------+-------++-------
Melee: Dagger            |   102 |    79 ||   181
       Tailslap          |     8 |    10 ||    18
 Stab: Sleeping          |     6 |     5 ||    11
       Distracted        |     1 |       ||     1
  Eat: Meat ration       |     1 |       ||     1
       Chunk             |     1 |       ||     1
Armor: Skin              |    22 |    17 ||    39
Dodge: Dodged            |    47 |    57 ||   104

Table legend:
 A = Spawn XP
 B = Non-spawn XP
 C = Spawn XP percentage of total XP
 D = Spawn monster count
 E = Non-spawn monster count
 F = Spawn count percentage of total count
 G = Total turns spent on level
                    A         B        C        D         E        F      G
               +---------+---------+-------+---------+---------+-------+---------
         Total |       0 |     165 |   0.0 |       0 |      49 |   0.0 |  2942
               +---------+---------+-------+---------+---------+-------+---------
           D:1 |       0 |      23 |   0.0 |       0 |      12 |   0.0 |   964
           D:2 |       0 |      47 |   0.0 |       0 |      14 |   0.0 |  1050
           D:3 |       0 |      73 |   0.0 |       0 |      19 |   0.0 |   877
           D:4 |       0 |      22 |   0.0 |       0 |       4 |   0.0 |    51
               +---------+---------+-------+---------+---------+-------+---------
